Map: Backwater LE

Players

Scarlett - Winner!

  • Race: Zerg Zerg
  • Spawn Location: 5:00

sOs

  • Race: Protoss Protoss
  • Spawn Location: 11:00

Event: IEM Season 12 - PyeongChang

VOD

Have the link to the VOD?

Description

Time

  • Played on: Feb. 6, 2018, 11:40 p.m.
  • Length: 4:00

All games in this series

Show
View Real Time Build Order
Export as new Build Order

Scarlett Zerg - Winner!

Build Orders: Pool First 

Get SALT Encoding   

  12  0:00  Drone  
  13  0:12  Overlord  
  13  0:17  Drone  
  14  0:30  Drone x2  
  16  0:36  Extractor  
  16  0:37  Drone  
  16  0:46  Spawning Pool  
  15  0:50  Drone  
  15  0:56  Drone  
  17  1:18  Hatchery  
  16  1:23  Drone  
  17  1:33  Zergling x4  
  17  1:37  Metabolic Boost  
  19  1:40  Zergling x2  
  20  1:50  Queen  
  22  1:57  Overlord  
  22  2:04  Evolution Chamber  
  22  2:06  Zergling x2  
  22  2:20  Zergling x2  
  23  2:26  Queen, Zergling x2  
  26  2:31  Zergling x2  
  26  2:39  Zergling x2  
  26  2:43  Zergling x4  
  29  2:52  Zergling x2  
  29  2:55  Zergling x2  
  29  2:57  Zergling x2  
  32  3:01  Zergling x4  
  32  3:04  Zergling x2  
  34  3:07  Zergling x2  
  33  3:14  Zergling x2  
  33  3:16  Zergling x2  
  35  3:25  Zergling x2  
  35  3:28  Overlord  
  33  3:41  Zergling x2  
  33  3:42  Zergling x2  
Show
View Real Time Build Order
Export as new Build Order

sOs Protoss 

Build Orders: 1 Gate Expand 

Get SALT Encoding   

  12  0:00  Probe  
  13  0:12  Probe  
  14  0:20  Pylon  
  14  0:24  Probe  
  15  0:38  Probe (Chrono Boost)  
  16  0:44  Gateway  
  16  0:47  Assimilator, Probe (Chrono Boost)  
  17  0:52  Probe (Chrono Boost)  
  18  1:04  Probe  
  19  1:16  Probe  
  20  1:25  Nexus  
  20  1:34  Probe  
  20  1:38  Cybernetics Core  
  21  1:46  Probe  
  22  1:47  Assimilator  
  22  1:53  Pylon  
  22  1:58  Probe  
  23  2:11  Zealot (Chrono Boost), Probe  
  26  2:17  Stargate  
  26  2:23  Probe  
  27  2:33  Adept (Chrono Boost)  
  29  2:37  Stargate  
  31  2:47  Shield Battery  
  30  2:56  Shield Battery  
  30  3:03  Pylon  
  28  3:10  Adept (Chrono Boost)  

Tags
 
Add a new tag
Caveats
  • Supply blocks, unpowered buildings, or Contaminate may cause inaccurate times.
  • Supply counts are checked every 10 seconds.